 Dungeon Crawl Stone Soup version 0.25-a0-294-gea9b1ad378 (webtiles) character file.

Game seed: 15323436310758470976, levelgen mode: deterministic

118 MisterFreud the Skirmisher (level 4, -2/22 HPs)
             Began as a Felid Wanderer on Dec 18, 2019.
             Killed by nerve-wracking pain
             ... invoked by an orc priest
              (11 damage)
             ... on level 3 of the Dungeon.
             The game lasted 00:17:05 (4281 turns).

MisterFreud the Skirmisher (Felid Wanderer)         Turns: 4281, Time: 00:17:05

Health: -2/22      AC:  1    Str: 10    XL:     4   Next: 72%
Magic:  2/6        EV: 17    Int: 12    God:
Gold:   122        SH:  0    Dex: 15    Spells: 2/5 levels left
                                        Lives:  0   Deaths: 1

rFire    . . .     SeeInvis +     - Unarmed
rCold    . . .     Gourm    .   (shield unavailable)
rNeg     . . .     Faith    .   (armour unavailable)
rPois    +         Spirit   .   (helmet unavailable)
rElec    .         Reflect  .   (cloak unavailable)
rCorr    .         Harm     .   (gloves unavailable)
MR       +....                  (boots unavailable)
Stlth    ++........             (no amulet)
HPRegen  0.07/turn              h - ring of poison resistance
MPRegen  0.10/turn              (no ring)

@: quick
A: very small, no armour, no weapons or thrown items, stealth, claws 1, fangs 3,
see invisible, carnivore, speed 1, magic resistance 1, shaggy fur 1, slow
metabolism 1, evolution 1, sharp paws
a: no special abilities


You were on level 3 of the Dungeon.
You were full.

You visited 1 branch of the dungeon, and saw 4 of its levels.

You collected 122 gold pieces.

Inventory:

Jewellery
 b - an uncursed ring of ice
 h - a ring of poison resistance (left paw)
Scrolls
 a - 4 scrolls of amnesia
 c - 2 scrolls of identify
 g - 2 scrolls of teleportation
Potions
 e - a potion of magic
 f - a potion of degeneration {unknown}
 i - a potion of flight
 j - a potion of agility
Comestibles
 d - 7 rations


   Skills:
 - Level 4.0 Fighting
 + Level 2.4 Dodging
 - Level 1.3 Stealth
 + Level 2.5 Unarmed Combat
 - Level 1.0 Spellcasting
 - Level 3.0 Charms
   Level 1.0 Summonings
 - Level 3.0 Translocations
   Level 1.1 Evocations


You had 2 spell levels left.
You knew the following spells:

 Your Spells              Type           Power        Failure   Level  Hunger
a - Infusion              Chrm           #...         9%          1    ##.....
b - Shroud of Golubria    Chrm/Tloc      #.....       13%         2    ###....

Your spell library contained the following spells:

 Spells                   Type           Power        Failure   Level  Hunger
 Apportation              Tloc           #.....       9%          1    ##.....
 Song of Slaying          Chrm           #.......     13%         2    ###....
 Recall                   Summ/Tloc      N/A          36%         3    ####...
 Regeneration             Chrm/Necr      #.........   43%         3    ####...
 Spectral Weapon          Hex/Chrm       Unusable     N/A         3    N/A

Dungeon Overview and Level Annotations

Branches:
Dungeon (4/15)
 Temple: D:4-7

Altars:
Okawaru
Ru
Zin

Annotations:
D:2 Sigmund


Innate Abilities, Weirdness & Mutations

You cannot wear armour.
You are incapable of wielding weapons or throwing items.
Your paws allow you to move quietly. (Stealth)
You have sharp claws.
You have razor-sharp teeth.
You have supernaturally acute eyesight. (SInv)
You are carnivorous and can eat meat at any time.
You cover ground quickly.
You are covered in fur. (AC +1)
You have a slow metabolism.
Your sharp claws are effective at attacking unaware monsters.
You are resistant to hostile enchantments. (MR+)
You evolve.


Message History

A worm comes into view.
Found a stone staircase leading down.
Casting: Shroud of Golubria (safe; 13% risk of failure)
Confirm with . or Enter, or press ? or * to list all spells.
You renew your shroud.
An orc comes into view.
The orc shouts!
The worm bites you!
Ouch! That really hurt!
Your shroud falls apart!
You are too injured to fight recklessly!
You are too injured to fight recklessly!
You are too injured to fight recklessly!
There is a stone staircase leading up here.
Your magical contamination has completely faded away.
You climb upwards.
The orc closely misses you. The orc misses you.
The orc priest calls down the wrath of Beogh upon you.
Pain shoots through your body!
Ouch! That really hurt!
You die...

#.#######.....#####.##
# #.# ##......#.o.# #
#.# ######..#.#.# #
#.#### #.....o...#.##
#### #..(.#
#.###....#...###...
####.#
#.##o###[#.#....>##
#.# ##.#.##
##....###.##
#.###.o.## ##...<.....
#.(....@# #..####.##
#..##..o## ##.........
##.###.#.##
##........## #.#
#.##.###.######### #.#
#.###.......#######
#.#
#.#########........ ##
#.# #.......#
######### .# #.#
#######>#
.##########.# #.#


You could see an orc priest and 3 orcs.

Vanquished Creatures
  Natasha (thrice) (D:2)
  3 adders
  3 worms (D:2)
  2 dart slugs
  3 leopard geckos
  An orc (D:3)
  A ball python (D:2)
  7 bats
  7 giant cockroaches
  5 goblins
  6 hobgoblins
  6 jackals
  7 frilled lizards
  9 kobolds
  10 rats
73 creatures vanquished.

Notes
Turn   | Place    | Note
-------+----------+-------------------------------------------
     0 | D:1      | MisterFreud the Felid Wanderer began the quest for the Orb.
     0 | D:1      | MisterFreud set off with the following items: a potion of
                  | lignification, a ration; and the following spells available
                  | to memorise: Infusion, Song of Slaying, Apportation, Shroud
                  | of Golubria, Regeneration, Recall
     0 | D:1      | Reached XP level 1. HP: 9/9 MP: 3/3
    23 | D:1      | Learned a level 1 spell: Infusion
   241 | D:1      | Reached XP level 2. HP: 13/13 MP: 1/4
   341 | D:1      | Reached skill level 3 in Fighting
   838 | D:1      | Learned a level 2 spell: Shroud of Golubria
  1049 | D:2      | Reached XP level 3. HP: 13/17 MP: 2/5
  1189 | D:2      | Reached skill level 1 in Translocations
  1443 | D:2      | Noticed Sigmund
  1519 | D:2      | Found a sacrificial altar of Ru.
  1811 | D:2      | Noticed Natasha
  1822 | D:2      | Gained mutation: You evolve. [potion of mutation]
  1822 | D:2      | Gained mutation: You are resistant to hostile enchantments.
                  | (MR+) [potion of mutation]
  2411 | D:3      | Reached XP level 4. HP: 21/22 MP: 6/6
  2567 | D:3      | Reached skill level 4 in Fighting
  3463 | D:2      | Killed Natasha
  3743 | D:2      | Noticed Natasha
  3900 | D:2      | Slain by Natasha
  3901 | D:2      | Reached XP level 3. HP: -3/18 MP: 2/5
  3925 | D:2      | Reached XP level 4. HP: 18/22 MP: 0/6
  3982 | D:2      | Killed Natasha
  3990 | D:2      | Noticed Natasha
  3999 | D:2      | Killed Natasha
  4008 | D:2      | Found an iron altar of Okawaru.
  4008 | D:2      | Found a glowing silver altar of Zin.
  4281 | D:3      | Killed from afar by an orc priest

Levels and vault maps discovered:
D:1:      dpeg_arrival_tiny_c, layout_basic
D:2:      layout_rooms, nicolae_ru_sacrificial_ziggurat,
          gammafunk_temple_overflow_wave, minmay_indecisive_spiral,
          uniq_natasha, uniq_sigmund
D:3:      layout_loops_ring, first_ration
D:4:      layout_cave_pools, grunt_qazlal_clouds

Skill      XL: |  1  2  3  4 |
---------------+-------------+-----
Fighting       | 3 4 |  4.0
Translocations | 1 3 |  3.0
Charms         | 3 |  3.0
Dodging        | 2 |  2.4
Stealth        | |  1.3
Unarmed Combat | |  2.5
Spellcasting   | |  1.0
Summonings     | |  1.0
Evocations     | |  1.1

Action                   |  1- 3 |  4- 6 || total
-------------------------+-------+-------++-------
Melee: Unarmed           |   118 |    85 ||   203
       Bite              |     7 |    11 ||    18
 Cast: Infusion          |    25 |    10 ||    35
       Shroud of Golubri |     2 |    14 ||    16
  Use: Scroll            |     3 |     2 ||     5
       Potion            |     3 |     1 ||     4
 Stab: Sleeping          |     7 |     1 ||     8
  Eat: Chunk             |    13 |     7 ||    20
Armor: Skin              |    10 |       ||    10
Dodge: Dodged            |    81 |    67 ||   148

Table legend:
 A = Non-vault XP
 B = Vault XP
 C = Vault XP percentage of total XP
 D = Non-vault monster count
 E = Vault monster count
 F = Vault count percentage of total count
                 A         B        C        D         E       F
            +---------+---------+-------+---------+---------+-------
      Total |     226 |      42 |  15.7 |      69 |       4 |   5.5
            +---------+---------+-------+---------+---------+-------
        D:1 |      35 |       0 |   0.0 |      22 |       0 |   0.0
        D:2 |     140 |      42 |  23.1 |      32 |       4 |  11.1
        D:3 |      51 |       0 |   0.0 |      15 |       0 |   0.0
            +---------+---------+-------+---------+---------+-------
